 Dungeon Crawl Stone Soup version 0.27-a0-1200-g94dc6ad4cf (webtiles) character file.

Game seed: 2207064902739390615

51 Lanoc the Slasher (level 4, 0/52 HPs)
             Began as a Djinni Berserker on June 1, 2021.
             Was a Believer of Trog.
             Slain by a goblin
             ... wielding a +0 dagger
             ... led by Robin
              (4 damage)
             ... on level 2 of the Dungeon.
             The game lasted 00:01:33 (1055 turns).

Lanoc the Slasher (Djinni Berserker)                Turns: 1055, Time: 00:01:33

Health: 0/52       AC:  2    Str: 16    XL:     4   Next: 5%
Gold:   3          EV: 12    Int:  8    God:    Trog [**....] SH:  0 Dex: 14

rFire    + + .     SeeInvis .   a - +0 falchion
rCold    x . .     Faith    .   (no shield)
rNeg     . . .     Spirit   .   b - +0 animal skin
rPois    ∞         Reflect  .   (no helmet)
rElec    .         Harm     .   (no cloak)
rCorr    .         Rampage  .   (no gloves)
Will     .....                  (boots unavailable)
Stlth    ..........             (no amulet)
HPRegen  0.17/turn              (no ring)
MPRegen  0.00/turn              (no ring)

@: berserking, flying, very quick
A: sickness immunity, fire resistance 2, cold vulnerability 1, float, innate
caster, hp casting, extra vitality 1
a: Renounce Religion, Berserk, Trog's Hand


You were on level 2 of the Dungeon.
You worshipped Trog.
Trog was pleased with you.
You visited 1 branch of the dungeon, and saw 2 of its levels.

You collected 3 gold pieces.

Inventory:

Hand Weapons
 a - a +0 falchion (weapon)
Armour
 b - a +0 animal skin (worn)
Scrolls
 e - a scroll of amnesia {unknown}


   Skills:
 + Level 3.3 Fighting
 * Level 3.3 Long Blades
 + Level 2.5 Armour
 + Level 2.7 Dodging


You had 2 spell levels left.
You knew the following spells:

 Your Spells              Type           Power      Damage    Failure   Level
a - Summon Small Mammal   Summ           0%         N/A       41%         1
Your spell library was empty.

Dungeon Overview and Level Annotations

Branches:
Dungeon (2/15)

Altars:


Innate Abilities, Weirdness & Mutations

You are immune to sickness and miasma.
You are immune to poison.
Your flesh is very heat resistant. (rF++)
You are vulnerable to cold. (rC-)
You float through the air rather than walking.
You learn spells naturally, not from books.
Your magical power is your life essence.
You have superior vitality. (+4 HP)


Message History

The hobgoblin misses you. Robin barely misses you.
You closely miss Robin.
You feel less invigorated.
You feel less confused.
The hobgoblin no longer looks unusually strong.
The hobgoblin misses you. Robin hits you with a +0 trident!
* * * LOW HITPOINT WARNING * * *
Non-targeted abil: Berserk
Press: ? - help, Q - select action, (/) - cycle Dir - look around, f - activate You are too injured to fight recklessly!
A red film seems to cover your vision as you go berserk!
You feel yourself moving faster!
You feel mighty! The hobgoblin closely misses you.
Robin hits you with a +0 trident.
* * * LOW HITPOINT WARNING * * *
You feel a strong urge to attack something.
The hobgoblin no longer looks unusually strong.
Robin roars a battlecry!
The goblins go into a battle-frenzy!
The hobgoblin misses you.
You riposte.
You slash the hobgoblin!
You kill the hobgoblin!
Trog accepts your kill.
You hear an angry hiss.
You slash Robin!
Robin is severely wounded.
The hobgoblin barely misses you.
You riposte.
You closely miss the hobgoblin.
Robin roars a battlecry!
The hobgoblin goes into a battle-frenzy!
You barely miss Robin.
Robin is severely wounded.
The hobgoblin closely misses you.
You slash Robin!
You kill Robin!
Trog accepts your kill.
You have reached level 4!
You feel agile.
You slash the hobgoblin!
You feel the power of Trog in you as your rage grows.
You kill the hobgoblin!
Trog accepts your kill. The goblin hits you with a +0 dagger.
You die...

#.#.##....#. # #.#.#. ...#.
# #.#.. #..( ##### ....##
##.#.# #..##.... ......
#....######.....### ......#
#....#..........###
$.....g###......######.#...#
.......#..g.#.### #..##..
.(.....#?.)@#.# ##.####
......g#.)#g#.# ###...##
..........#r#.# ##......#
.....#.).##r#.######..#.##.#
........g†.g#.##........# ..
.......gg####.##.(....### .
.........# #.##......#
.........####.#######.#
.........##..(..####..#


You could see a quokka, 2 hobgoblins, a goblin (strong) and a rat.

Vanquished Creatures
  Robin (D:2)
  A dart slug (D:1)
  2 ball pythons (D:1)
  3 endoplasms
  A giant cockroach (D:1)
  6 goblins
  6 hobgoblins
  4 jackals (D:1)
  2 kobolds (D:1)
  2 quokkas
  A bat (D:1)
  2 frilled lizards (D:1)
  2 rats (D:1)
33 creatures vanquished.

Notes
Turn   | Place    | Note
-------+----------+-------------------------------------------
     0 | D:1      | Lanoc the Djinni Berserker began the quest for the Orb.
     0 | D:1      | Reached XP level 1. HP: 20/20 MP: 0/0
    34 | D:1      | Reached XP level 2. HP: 24/25 MP: 0/0
   412 | D:1      | Reached XP level 3. HP: 29/30 MP: 0/0
   412 | D:1      | Learned a level 1 spell: Summon Small Mammal
   607 | D:1      | Reached ** piety under Trog
  1034 | D:2      | Noticed Robin
  1054 | D:2      | Killed Robin
  1055 | D:2      | Reached XP level 4. HP: 4/35 MP: 0/0
  1055 | D:2      | Slain by a goblin

Illustrated notes

Levels and vault maps discovered:
D:1:      dpeg_arrival_tiny_g, layout_loops_ring,
          shapermc_ecumenical_altar_hornbeckon, minmay_3d_cube
D:2:      layout_rooms, bh_walls_and_bars, uniq_robin

Skill      XL: |  1  2 |
---------------+-------+-----
Long Blades    | 3 |  3.3
Fighting       | |  3.3
Armour         | |  2.5
Dodging        | |  2.7

Action                   |  1- 3 |  4- 6 || total
-------------------------+-------+-------++-------
Melee: Falchion          |    79 |     1 ||    80
Invok: Berserk           |     3 |       ||     3
  Use: Potion            |     2 |       ||     2
 Stab: Sleeping          |     1 |       ||     1
Armor: Animal skin       |    19 |       ||    19
Dodge: Dodged            |    62 |       ||    62
       Rpst.: Falchion   |    17 |       ||    17

Table legend: (Time is in decaauts)
 A = Elapsed time spent in this place.
 B = Non-inter-level travel time spent in this place.
 C = Inter-level travel time spent in this place.
 D = Time resting spent in this place.
 E = Time spent auto-exploring this place.
 F = Levels seen in this place.
 G = Mean time per level.
                   A        B        C        D        E       F      G
               +--------+--------+--------+--------+--------+-----+--------+
         Total |   1083 |   1024 |     59 |      0 |    825 |   2 |  541.5 |
       Dungeon |   1083 |   1024 |     59 |      0 |    825 |   2 |  541.5 |
               +--------+--------+--------+--------+--------+-----+--------+

Top non-repeatable levels by time:
     D:1: 961 daAuts
     D:2: 122 daAuts
